 Dungeon Crawl Stone Soup version 0.24.1 (webtiles) character file.

Game seed: 17060743430517756415, levelgen mode: deterministic

97 eccles the Digger (level 4, -1/25 HPs)
             Began as a Gargoyle Earth Elementalist on Apr 4, 2020.
             Killed by divine providence
             ... invoked by an orc priest
              (13 damage)
             ... on level 3 of the Dungeon.
             The game lasted 00:09:15 (1705 turns).

eccles the Digger (Gargoyle Earth Elementalist)     Turns: 1705, Time: 00:09:16

Health: -1/25      AC:  5    Str: 11    XL:     4   Next: 68%
Magic:  0/8        EV: 12    Int: 17    God:
Gold:   101        SH:  0    Dex: 10    Spells: 7/8 levels left

rFire    . . .     SeeInvis .   q - +3 short sword
rCold    . . .     Gourm    .   (no shield)
rNeg     + . .     Faith    .   c - +0 robe
rPois    ∞         Spirit   .   (no helmet)
rElec    +         Reflect  .   (no cloak)
rCorr    .         Harm     .   (no gloves)
MR       .....                  (no boots)
Stlth    ++........             (no amulet)
HPRegen  0.08/turn              (no ring)
MPRegen  0.11/turn              (no ring)

@: no status effects
A: negative energy resistance 1, electricity resistance, unbreathing,
petrification resistance, rot immunity, AC +3
a: no special abilities


You were on level 3 of the Dungeon.
You were not hungry.

You visited 1 branch of the dungeon, and saw 3 of its levels.

You collected 101 gold pieces.

Inventory:

Hand Weapons
 k - a +0 dagger
 q - a +3 short sword (weapon)
Missiles
 a - 29 bolts
 b - 26 stones (quivered)
 p - 18 arrows
 t - 16 sling bullets
Armour
 c - a +0 robe (worn)
Scrolls
 e - 2 scrolls of identify {unknown}
 g - a scroll of random uselessness {unknown}
 i - 2 scrolls of remove curse {unknown}
 j - 2 scrolls of enchant weapon {unknown}
 l - 2 scrolls of teleportation {unknown}
 m - a scroll of noise {unknown}
 o - a scroll of magic mapping {unknown}
 u - a scroll of fog {unknown}
Potions
 h - a potion of heal wounds {unknown}
 n - a potion of might {unknown}
 r - 2 potions of agility {unknown}
 s - a potion of berserk rage {unknown}
Comestibles
 d - a ration


   Skills:
 * Level 1.1 Fighting
 + Level 1.8 Dodging
 + Level 2.4 Stealth
 + Level 1.6 Unarmed Combat
 * Level 2.7 Spellcasting
   Level 0.7 Transmutations
 * Level 4.7 Earth Magic


You had 7 spell levels left.
You knew the following spells:

 Your Spells              Type           Power        Failure   Level  Hunger
a - Sandblast             Erth           ###...       2%          1    #......

Your spell library contained the following spells:

 Spells                   Type           Power        Failure   Level  Hunger
 Passwall                 Tmut/Erth      ##......     9%          2    ##.....
 Stone Arrow              Conj/Erth      ##....       21%         3    ###....
 Petrify                  Tmut/Erth      ##......     52%         4    #####..
 Lee's Rapid Deconstruct  Erth           ###.......   58%         5    ######.


Dungeon Overview and Level Annotations

Branches:
Dungeon (3/15)

Altars:


Innate Abilities, Weirdness & Mutations

You are resistant to torment.
Your stone body is resilient. (AC +3)
You are immune to poison.
You resist negative energy. (rN+)
You are resistant to electric shocks. (rElec)
You can survive without breathing.
You are immune to petrification.
You are immune to rotting.


Message History

b - 27 stones The orc priest barely misses you.
The orc priest begins to cast a cantrip, but forgets the words!
Casting: Sandblast (safe; 2% risk of failure)
Confirm with . or Enter, or press ? or * to list all spells.
Aiming: Sandblast (safe; 2% risk of failure)
Press: ? - help, Shift-Dir - straight line, f/p - orc priest
Aim: an orc priest, wielding a +0 short sword and wearing a +0 ring mail (lightly wounded)
The blast of sand hits the orc priest.
The orc priest is heavily wounded.
b - 26 stones The orc priest misses you.
The orc priest barely misses you.
Casting: Sandblast (safe; 2% risk of failure)
Confirm with . or Enter, or press ? or * to list all spells.
You don't have enough magic to cast that spell.
Unknown command.
The orc priest invokes the aid of Beogh against you.
Beogh smites you!
Ouch! That really hurt!
You die...

#.# ##.#### .#
.....###.#
.........
#........
#.....###
###.###.......#
....)goo...##
..#.##.#@...#
#.#.##.#
#.#.##.###
#.#......#
#?#......#
#.#......#
#.#......#
#......####.#
#...........#


You could see 2 orc priests and a goblin.

Vanquished Creatures
  Jessica (D:2)
  An adder (D:2)
  An ooze (D:1)
  A worm (D:2)
  2 dart slugs
  3 leopard geckos (D:1)
  2 orcs (D:3)
  A ball python (D:2)
  5 bats
  A giant cockroach (D:1)
  4 goblins
  3 hobgoblins
  4 jackals (D:1)
  6 kobolds
  4 frilled lizards (D:1)
  7 rats
46 creatures vanquished.

Notes
Turn   | Place    | Note
-------+----------+-------------------------------------------
     0 | D:1      | eccles the Gargoyle Earth Elementalist began the quest for
                  | the Orb.
     0 | D:1      | Reached XP level 1. HP: 10/10 MP: 3/3
   125 | D:1      | Reached skill level 4 in Earth Magic
   125 | D:1      | Reached XP level 2. HP: 4/15 MP: 0/5
   581 | D:1      | Reached XP level 3. HP: 20/20 MP: 1/6
   994 | D:2      | Noticed Jessica
  1001 | D:2      | Killed Jessica
  1001 | D:2      | Reached skill level 1 in Unarmed Combat
  1001 | D:2      | Reached XP level 4. HP: 10/24 MP: 1/7
  1432 | D:2      | Reached skill level 1 in Fighting
  1705 | D:3      | Killed from afar by an orc priest

Levels and vault maps discovered:
D:1:      dpeg_arrival_three_same_balls, layout_basic
D:2:      layout_rooms, uniq_jessica
D:3:      layout_basic, first_ration

Skill      XL: |  1  2  3  4 |
---------------+-------------+-----
Earth Magic    | 4 |  4.7
Unarmed Combat | 1 |  1.6
Fighting       | 1 |  1.1
Dodging        | |  1.8
Stealth        | |  2.4
Spellcasting   | |  2.7
Transmutations | |  0.7

Action                   |  1- 3 |  4- 6 || total
-------------------------+-------+-------++-------
Melee: Unarmed           |    43 |       ||    43
       Short sword       |       |    10 ||    10
       Dagger            |       |     1 ||     1
 Cast: Sandblast         |    42 |    27 ||    69
  Eat: Chunk             |       |     3 ||     3
Armor: Robe              |    21 |     6 ||    27
Dodge: Dodged            |    52 |    16 ||    68
